 Dungeon Crawl Stone Soup version 0.29.1-15-g9cfb28693d (webtiles) character file.

Game seed: 13102998150450051282

4990 croobank the Covert (level 10, -3/71 HPs)
             Began as an Octopode Delver on Feb 27, 2023.
             Was an Initiate of Gozag.
             Slain by a red ugly thing (6 damage)
             ... on level 7 of the Dungeon.
             The game lasted 00:33:41 (9797 turns).

croobank the Covert (Octopode Delver)               Turns: 9797, Time: 00:33:42

Health: -3/71      AC:  1    Str: 11    XL:     10   Next: 54%
Magic:  10/26      EV: 16    Int: 17    God:    Gozag
Gold:   222        SH:  0    Dex: 14    Spells: 12/19 levels left

rFire   . . .      SeeInvis +   L - +4 hand axe (freeze)
rCold   + . .      Faith    .   (no shield)
rNeg    + . .      Spirit   .   (helmet restricted)
rPois   .          Reflect  .   (no amulet)
rElec   .          Harm     .   q - +4 ring of slaying
rCorr   .          Rampage  .   o - ring of magical power
Will    .....                   u - ring of protection from cold
Stlth   ++++++....              J - ring of positive energy
HPRegen 0.21/turn               C - ring of see invisible
MPRegen 0.20/turn               (no ring)
                                (no ring)
                                (no ring)

@: gold aura, hasted, very quick
A: almost no armour, amphibious, 8 rings, camouflage 1, gelatinous body 1,
(nimble swimmer 1), tentacles
a: Renounce Religion, Potion Petition, Call Merchant, Bribe Branch


You were on level 7 of the Dungeon.
You worshipped Gozag.
Gozag was aware of your devotion.
You visited 2 branches of the dungeon, and saw 11 of its levels.
You also visited: Ossuary.

You collected 613 gold pieces.
You spent 221 gold pieces at shops.
You paid 170 gold pieces to Gozag.

Inventory:

Hand Weapons
 a - a +0 hand axe
 d - a +2 dagger of protection
 i - a +0 dagger
 m - a +2 dire flail of freezing
 p - a +0 quarterstaff
 A - a +4 short sword
 G - a +0 trident
 H - a +0 morningstar
 K - a +3 mace
 L - a +4 hand axe of freezing (weapon)
 P - a +3 scimitar
 Q - a +1 falchion of electrocution
Missiles
 v - 4 poisoned darts (quivered)
 I - 6 boomerangs
Armour
 E - a +0 kite shield
Magical Staves
 D - a staff of cold
Jewellery
 o - a ring of magical power (right tentacle)
 q - a +4 ring of slaying (left tentacle)
 u - a ring of protection from cold (on tentacle)
 y - the ring of Buqa {*Corrode rN+++ AC+4 Dex+2}
   (You found it on level 7 of the Dungeon)

   [ring of protection]

   AC:        It affects your AC (+4).
   Dex:       It affects your dexterity (+2).
   rN:        It renders you almost immune to negative energy.
   *Corrode:  It may corrode you when you take damage.
 C - a ring of see invisible (on tentacle)
 J - a ring of positive energy (on tentacle)
Wands
 f - a wand of digging (3)
 g - a wand of iceblast (3)
 B - a wand of charming (19)
Scrolls
 b - a scroll of fog
 c - 5 scrolls of teleportation
 h - a scroll of magic mapping
 n - 3 scrolls of immolation
 t - a scroll of enchant weapon
 M - 3 scrolls of identify
 N - 2 scrolls of enchant armour
 O - a scroll of silence {unknown}
 R - a scroll of torment {unknown}
Potions
 e - 3 potions of might
 j - 2 potions of resistance
 k - 4 potions of lignification
 l - 4 potions of berserk rage
 r - 3 potions of flight
 s - 4 potions of attraction
 w - a potion of mutation
 x - 2 potions of curing
 z - a potion of brilliance
 F - 3 potions of haste


   Skills:
 + Level 7.0 Fighting
 + Level 6.6 Axes
 + Level 6.6 Dodging
 + Level 11.1 Stealth
 + Level 5.3 Spellcasting
 + Level 5.8 Summonings


You had 12 spell levels left.
You knew the following spells:

 Your Spells              Type           Power      Damage    Failure   Level
a - Summon Small Mammal   Summ           96%        N/A       1%          1
c - Call Canine Familiar  Summ           24%        N/A       3%          3
d - Summon Guardian Gole  Hex/Summ       14%        N/A       12%         3

Your spell library contained the following spells:

 Spells                   Type           Power      Damage    Failure   Level
 Ensorcelled Hibernation  Hex/Ice        8%         N/A       22%         2
 Ignite Poison            Fire/Tmut/Pois 4%         N/A       38%         3
 Mephitic Cloud           Conj/Pois/Air  4%         N/A       38%         3
 Spider Form              Tmut/Pois      4%         N/A       38%         3
 Anguish                  Hex/Necr       2%         N/A       80%         4
 Freezing Cloud           Conj/Ice/Air   2%         6-21      98%         5


Dungeon Overview and Level Annotations

Branches:
Dungeon (10/15)            Temple (1/1) D:7         Ossuary (visited)
   Lair: D:8-11         Orc: D:9-12

Altars:
Ashenzari
Cheibriados
Dithmenos
Elyvilon
Fedhas
Gozag
Hepliaklqana
Kikubaaqudgha
Makhleb
Okawaru
Qazlal
Ru
Sif Muna
Trog
Vehumet
Wu Jian
Xom
Yredelemnul
Zin
The Shining One

Shops:
D:3 (   D:7 *

Annotations:
D:9 1 transporter


Innate Abilities, Weirdness & Mutations

You cannot wear most types of armour.
You are amphibious.
You can wear up to eight rings at the same time.
Your skin changes colour to match your surroundings (Stealth+).
Your rubbery body absorbs attacks. (AC +1, EV +1)
((You are camouflaged when in or above water. (Stealth+)))
You have tentacles for arms and can constrict up to eight enemies at once.


Message History

The red ugly thing gores your guardian golem!
Your guardian golem is engulfed in flames!
Your guardian golem resists.
The cyclops is engulfed in blazing flames.
The cyclops throws a large rock.
The large rock hits your guardian golem!!
Your guardian golem is destroyed!
Your guardian golem disappears in a puff of smoke!
Your quokka bites the cyclops but does no damage.
The brown ugly thing claws your quokka.
Your quokka is splashed with acid!
Your quokka dies!
Your quokka's corpse disappears in a puff of smoke!
The red ugly thing is engulfed in blazing flames.
The cyclops is engulfed in blazing flames.
The cyclops throws a large rock.
The large rock hits you!!
The red ugly thing is engulfed in a forest fire.
The brown ugly thing is engulfed in blazing flames.
Casting: Summon Guardian Golem (dangerous; 13% risk of failure)
Confirm with . or Enter, or press ? or * to list all spells.
A guardian golem appears, shielding your allies.
The red ugly thing is engulfed in blazing flames.
The red ugly thing misses you.
The cyclops is engulfed in blazing flames.
The cyclops dies!
The brown ugly thing is engulfed in blazing flames.
Your Fighting skill increases to level 7!
The red ugly thing attacks as you move away!
The red ugly thing gores you.
You are engulfed in flames!!
The brown ugly thing attacks as you move away!
The brown ugly thing completely misses you.
The red ugly thing is engulfed in blazing flames.
The brown ugly thing is engulfed in blazing flames.
The red ugly thing gores you!
* * * LOW HITPOINT WARNING * * *
You are engulfed in flames!
* * * LOW HITPOINT WARNING * * *
Okay, then.
You feel yourself speed up. The red ugly thing gores you.
You die...
Your body crumbles into a pile of gold.

### ######### #######.# #####
♣♣.......♣♣♣#.♣.♣.#.# #....
♣..P.....9.♣♣♣.♣.♣#.#####...~
....~..§☼○uu@.♣.♣.....##...~§
♣......§§§.♣♣♣.♣.♣#.#....#~§§
♣♣.....☼§§♣.#.♣.♣.#.##.#.<§~~
##♣.♣#############.##....~~~
♣. #..#.....~§ . #.........~
. #..#....#.. .u ####..###..
##.....###.


You could see 2 ugly things and a friendly guardian golem (summoned).

Vanquished Creatures
  Grinder (D:3)
  A yak (D:5)
  A water moccasin (D:7)
  A sky beast (D:6)
  A centaur (D:7)
  A bullfrog (D:7)
  2 necrophages
  A gnoll sergeant (D:7)
  2 scorpions
  A wight (D:7)
  A nameless horror (D:7)
  4 howler monkeys
  4 jellies
  5 hounds
  2 orc priests
  Jessica (D:2)
  4 iguanas
  An orc wizard (D:6)
  A mummy (D:7)
  8 adders
  A white imp (D:7)
  An ufetubus (D:5)
  2 worms (D:2)
  10 orcs
  3 ball pythons
  3 bats
  17 endoplasms
  2 giant cockroaches (D:2)
  5 hobgoblins
  8 jackals
  12 kobolds
  3 quokkas
  5 goblins
  6 rats
121 creatures vanquished.

Vanquished Creatures (collateral kills)
  A shadow (D:5)
  A sky beast (D:7)
  An ice beast (D:6)
  An ogre (D:5)
  A phantom (D:6)
  A jelly (D:6)
  A shadow imp (D:7)
  An orc (D:7)
  4 endoplasms (D:3)
  A goblin (D:4)
13 creatures vanquished.

Vanquished Creatures (others)
  A deep elf pyromancer (D:7)
  An ugly thing (D:7)
  A cyclops (D:7)
  An unseen horror (D:7)
  A black bear (D:7)
  2 ice beasts (D:7)
  2 ogres
  A centaur (D:7)
  A scorpion (D:7)
  8 wights
  A necrophage (D:6)
  A gnoll bouda (D:7)
  2 iguanas (D:7)
  An orc (D:6)
  5 fungi (D:3)
  50 plants (D:7)
  8 toadstools (D:3)
  4 withered plants (Ossuary)
91 creatures vanquished.

Grand Total: 225 creatures vanquished

Notes
Turn   | Place    | Note
-------+----------+-------------------------------------------
     0 | D:5      | croobank the Octopode Delver began the quest for the Orb.
     0 | D:5      | Reached XP level 1. HP: 16/16 MP: 1/1
     0 | D:5      | Noticed a hound
    63 | D:6      | Reached XP level 2. HP: 13/21 MP: 2/2
   242 | D:5      | Noticed an ogre
   260 | D:4      | Found a sand-covered staircase.
   264 | Ossuary  | Entered an ossuary
   562 | D:3      | Found Nilulyuxut's Weapon Boutique.
  1000 | D:1      | Reached XP level 3. HP: 26/26 MP: 3/3
  1042 | D:1      | Reached skill level 7 in Stealth
  1275 | D:1      | Found a faded altar of an unknown god.
  1746 | D:2      | Reached XP level 4. HP: 27/31 MP: 4/4
  2081 | D:2      | Noticed Jessica
  2088 | D:2      | Killed Jessica
  2528 | D:3      | Noticed Grinder
  2538 | D:3      | Killed Grinder
  2539 | D:3      | Reached skill level 1 in Spellcasting
  2539 | D:3      | Reached skill level 1 in Summonings
  2539 | D:3      | Reached XP level 5. HP: 26/37 MP: 7/7
  2539 | D:3      | Reached XP level 6. HP: 30/43 MP: 8/8
  3637 | D:3      | Learned a level 1 spell: Summon Small Mammal
  3895 | D:4      | Found a white marble altar of Elyvilon.
  3914 | D:4      | Found a glowing golden altar of the Shining One.
  3919 | D:4      | Reached XP level 7. HP: 48/48 MP: 9/9
  3981 | D:4      | Found a broken altar of Ashenzari.
  4084 | D:4      | Reached skill level 8 in Stealth
  4210 | D:5      | Learned a level 3 spell: Call Canine Familiar
  4232 | D:5      | Noticed a shadow
  4255 | D:5      | Killed a shadow
  4674 | D:5      | Learned a level 3 spell: Summon Guardian Golem
  5009 | D:5      | Reached XP level 8. HP: 54/54 MP: 11/11
  5153 | D:5      | Noticed a yak
  5163 | D:5      | Killed a yak
  5354 | D:5      | Reached skill level 5 in Fighting
  5781 | D:6      | Reached skill level 9 in Stealth
  6010 | D:6      | Reached skill level 5 in Dodging
  6169 | D:6      | Reached XP level 9. HP: 51/61 MP: 14/14
  6314 | D:6      | Reached skill level 5 in Axes
  6897 | D:7      | HP: 1/60 [wight/+0 trident (8)]
  7420 | D:7      | Reached skill level 10 in Stealth
  7460 | D:7      | Found a snail-covered altar of Cheibriados.
  7989 | D:7      | Found a burning altar of Makhleb.
  8047 | D:7      | Found a stormy altar of Qazlal.
  8059 | D:7      | Found a staircase to the Ecumenical Temple.
  8072 | Temple   | Entered the Ecumenical Temple
  8240 | Temple   | Became a worshipper of Gozag Ym Sagoz the Greedy
  8343 | D:7      | Found Luli's Assorted Antiques.
  8389 | D:7      | Bought a scroll of blinking for 195 gold pieces
  8389 | D:7      | Bought a scroll labelled BIDWUA TAHE for 26 gold pieces
  8478 | D:7      | Reached skill level 5 in Summonings
  8830 | D:7      | Identified the ring of Buqa {*Corrode rN+++ AC+4 Dex+2}
  8830 | D:7      | Noticed a deep elf pyromancer
  8831 | D:7      | Noticed a brown ugly thing
  8839 | D:7      | Noticed an unseen horror
  8844 | D:7      | Noticed a red ugly thing
  8853 | D:7      | Killed an unseen horror
  8854 | D:7      | Reached XP level 10. HP: 49/69 MP: 14/17
  8854 | D:7      | Noticed a red ugly thing
  9096 | D:9      | Found a transporter.
  9104 | D:10     | Entered Level 10 of the Dungeon
  9104 | D:10     | Noticed a two-headed ogre
  9195 | D:7      | Killed a deep elf pyromancer
  9196 | D:7      | Reached skill level 5 in Spellcasting
  9520 | D:7      | Killed a red ugly thing
  9649 | D:7      | Reached skill level 11 in Stealth
  9772 | D:7      | Noticed a cyclops
  9794 | D:7      | Killed a cyclops
  9796 | D:7      | HP: 3/71 [red ugly thing (16)]
  9797 | D:7      | Slain by a red ugly thing

Illustrated notes

Levels and vault maps discovered:
D:1:      reono_arrival_mine, layout_rooms, hellmonk_ecumenical_altar_blasted
D:2:      layout_loops_ring, minmay_tromino_v4_a, uniq_jessica
D:3:      cheibrodos_fertilizer, layout_loops_cross, serial_shops,
          nicolae_shop_waterfront, corexii_corridor_pit, uniq_grinder
D:4:      layout_gridville, mainiacjoe_overflow_big_doors,
          ashenzari_conservatory_becter, enter_ossuary_5
D:5:      cheibrodos_helix_gallery, layout_rooms, interstate_on_off,
          hangedman_minor_gate_pass
D:6:      layout_loops_cross
D:7:      nzn_winding_woodlands_large [nzn_winding_woodlands_hourglass,
          nzn_winding_woodlands_5x15_jagged,
          nzn_winding_woodlands_5x5_closed_star,
          nzn_winding_woodlands_center_lodge,
          nzn_winding_woodlands_15x15_five_gardens,
          nzn_winding_woodlands_center_triple_pond,
          nzn_winding_woodlands_5x5_checkerboard,
          nzn_winding_woodlands_5x15_garden, nzn_winding_woodlands_5x5_three],
          layout_cave_pools, chei_slow_surprise, kennysheep_little_box,
          nicolae_qazlal_style_of_elements, minmay_temple_entry_mist,
          serial_shops, nicolae_square_shop, serial_bayou, serial_bayou_pond_b,
          serial_bayou_pond_d, serial_bayou_crossing
D:8:      layout_basic, nicolae_benzene_ring
D:9:      gammafunk_steamed_eel, layout_stronghold, lair_entry_dummy,
          serial_shops, nicolae_shop_statue_plus,
          nicolae_shop_temple_entry_statues_fountains, uniq_joseph, uniq_maggie
D:10:     layout_irregular_city, mainiacjoe_overflow_two_lobes, orc_0_dummy,
          nicolae_two_hexagons, nzn_life_drinkers
Temple:   dpeg_chambers_temple

Skill      XL: |  1  2  3  4  5  6  7  8  9 10 |
---------------+-------------------------------+-----
Stealth        | 7 8 9 10 11 | 11.1
Fighting       | 4 5 6 7 |  7.0
Axes           | 3 4 6 |  6.6
Dodging        | 3 4 5 6 |  6.6
Spellcasting   | 1 2 3 4 5 |  5.3
Summonings     | 1 2 3 5 |  5.8

Action                   |  1- 3 |  4- 6 |  7- 9 | 10-12 || total
-------------------------+-------+-------+-------+-------++-------
Melee: Hand axe          |    59 |    36 |    46 |    10 ||   151
       Tentacles         |    13 |     7 |    20 |     4 ||    44
       Constrict         |     9 |    14 |    21 |     2 ||    46
       Short sword       |       |    39 |    49 |       ||    88
       Punch             |       |       |     2 |       ||     2
 Cast: Summon Small Mamm |       |     2 |    27 |     6 ||    35
       Call Canine Famil |       |       |    21 |     8 ||    29
       Summon Guardian G |       |       |    21 |     9 ||    30
Evoke: Wand              |       |     1 |       |     4 ||     5
  Use: Scroll            |     2 |    12 |     5 |     2 ||    21
       Potion            |     1 |     1 |     2 |     1 ||     5
 Stab: Sleeping          |    15 |    15 |    17 |     1 ||    48
       Distracted        |     1 |     1 |       |       ||     2
Armor: Skin              |     2 |     4 |     5 |     1 ||    12
Dodge: Dodged            |    33 |    22 |    67 |     4 ||   126
